 Crawl Stoat Soup version 0.23-s1-89-gc7e9528f9d (console) character file.

166 ceb the Grave Robber (level 5, -2/45 HPs)
             Began as a Troll Necromancer on Jan 29, 2021.
             Slain by Edmund
             ... wielding a +2 flail of draining
              (6 damage)
             ... on level 4 of the Dungeon.
             The game lasted 00:11:12 (3044 turns).

ceb the Grave Robber (Troll Necromancer)            Turns: 3044, Time: 00:11:13

Health: -2/45      AC:  5    Str: 16    XL:     5   Next: 22%
Magic:  1/5        EV:  9    Int: 12    God:
Gold:   162        SH:  0    Dex: 10    Spells: 4/6 levels left

rFire    . . .     SeeInvis .   (no weapon)
rCold    . . .     Gourm    +   (no shield)
rNeg     . . .     Faith    .   a - +0 robe
rPois    .         Spirit   .   (helmet restricted)
rElec    .         Warding  .   (no cloak)
rCorr    .         Reflect  .   (gloves unavailable)
MR       .....     Harm     .   (boots unavailable)
Stlth    +.........             (no amulet)
HPRegen  0.55/turn              (no ring)
MPRegen  0.09/turn              (no ring)

@: heavily drained
A: large, unfitting armour, claws 3, fast metabolism 3, gourmand, regeneration
1, shaggy fur 1, tough skin 2
a: no special abilities


You were on level 4 of the Dungeon.
You were very full.

You visited 1 branch of the dungeon, and saw 4 of its levels.

You collected 162 gold pieces.

Inventory:

Armour
 a - a +0 robe (worn)
Wands
 m - a wand of polymorph (19 charges)
Scrolls
 e - a scroll of teleportation
 f - a scroll of random uselessness
Potions
 b - 3 potions of lignification {unknown}
 d - 2 potions of flight {unknown}
 g - a potion of heal wounds {unknown}
 o - a potion of curing {unknown}
Comestibles
 c - 3 bread rations
 j - a meat ration
 k - 4 fruits


   Skills:
 - Level 1.5(0.0) Dodging
 - Level 1.0(0.0) Stealth
 - Level 1.2(0.0) Spellcasting
 + Level 5.4(2.5) Necromancy


You had 4 spell levels left.
You knew the following spells:

 Your Spells              Type           Power        Failure   Level  Hunger
a - Pain                  Necr           #...         12%         1    ##.....
b - Animate Skeleton      Necr           N/A          12%         1    ##.....

Your spell library contained the following spells:

 Spells                   Type           Power        Failure   Level  Hunger
 Vampiric Draining        Necr           #.........   34%         3    ####...
 Regeneration             Chrm/Necr      #.........   52%         3    ####...
 Animate Dead             Necr           N/A          75%         4    #####..


Dungeon Overview and Level Annotations

Branches:
Dungeon (4/15)
 Temple: D:4-7

Altars:

Annotations:
D:4 Edmund


Innate Abilities, Weirdness & Mutations

You are too large for most types of armour.
You have claws for hands.
Your metabolism is lightning-fast.
You like to eat raw meat.
Your natural rate of healing is unusually fast.
You are covered in fur. (AC +1)
You have very tough skin. (AC +2)


Message History

You claw Edmund!
Edmund is severely wounded.
Edmund hits you with a flail of draining.
You feel drained.
* * * LOW HITPOINT WARNING * * *
You closely miss Edmund.
Edmund is severely wounded.
Edmund hits you with a flail of draining!
* * * LOW HITPOINT WARNING * * *
You feel drained.
* * * LOW HITPOINT WARNING * * *
You scratch Edmund.
Edmund is almost dead.
You barely miss Edmund.
Edmund is almost dead.
Edmund hits you but does no damage.
You feel drained.
You scratch Edmund.
Edmund is almost dead.
Edmund hits you with a flail of draining.
You die...

......#########.#
#.....@@......#
#.....##########
#.....# ......
#.... ####. . ##


You could see Edmund.

Vanquished Creatures
  4 adders
  An ooze (D:3)
  A worm (D:3)
  2 leopard geckos
  6 orcs (D:3)
  8 bats
  4 giant cockroaches
  4 goblins
  7 hobgoblins
  6 jackals
  A weasel (D:4)
  3 ball pythons
  6 frilled lizards
  4 kobolds
  5 rats
62 creatures vanquished.

Vanquished Creatures (collateral kills)
  An orc wizard (D:3)
  An adder (D:3)
  A gnoll (D:1)
  3 worms
  2 orcs (D:3)
  A hobgoblin (D:3)
  A bat (D:3)
  2 frilled lizards (D:3)
12 creatures vanquished.

Grand Total: 74 creatures vanquished

Notes
Turn   | Place    | Note
-------+----------+-------------------------------------------
     0 | D:1      | ceb the Troll Necromancer began the quest for the Orb.
     0 | D:1      | Reached XP level 1. HP: 16/16 MP: 1/1
   155 | D:1      | Reached XP level 2. HP: 20/24 MP: 0/2
   158 | D:1      | Learned a level 1 spell: Animate Skeleton
   652 | D:2      | Reached skill level 4 in Necromancy
   743 | D:2      | Reached XP level 3. HP: 31/31 MP: 1/3
  1755 | D:3      | Reached XP level 4. HP: 38/39 MP: 0/4
  1977 | D:3      | Reached skill level 5 in Necromancy
  2101 | D:3      | Reached XP level 5. HP: 39/45 MP: 1/5
  3016 | D:4      | Noticed Edmund
  3041 | D:4      | HP: 2/45 [Edmund/flail of draining (3)]
  3044 | D:4      | Slain by Edmund

Vault maps used:
D:1:      onia_arrival_pentagram, hangedman_abyss_or_decor_lesser_grid,
          bh_walls_and_bars
D:2:      st_stairs_14
D:3:      nrook_uturn
D:4:      kennysheep_spiral_hall, minmay_temple_entry_grid,
          gup_sewer_entry_glass, fedhas_altar_2, uniq_edmund, uniq_blork_the_orc

Skill      XL: |  1  2  3  4 |
---------------+-------------+-----
Necromancy     | 4 5 |  5.4
Dodging        | |  1.5
Stealth        | |  1.0
Spellcasting   | |  1.2

Action                   |  1- 3 |  4- 6 || total
-------------------------+-------+-------++-------
Melee: Unarmed           |    76 |   141 ||   217
 Cast: Pain              |    41 |    25 ||    66
       Animate Skeleton  |    13 |    14 ||    27
  Use: Scroll            |       |     6 ||     6
 Stab: Distracted        |     1 |     1 ||     2
       Sleeping          |       |     3 ||     3
  Eat: Chunk             |    23 |    12 ||    35
Armor: Robe              |    35 |    62 ||    97
Dodge: Dodged            |    53 |    99 ||   152

Table legend:
 A = Spawn XP
 B = Non-spawn XP
 C = Spawn XP percentage of total XP
 D = Spawn monster count
 E = Non-spawn monster count
 F = Spawn count percentage of total count
 G = Total turns spent on level
                    A         B        C        D         E        F      G
               +---------+---------+-------+---------+---------+-------+---------
         Total |      42 |     196 |  17.6 |      13 |      61 |  17.6 |  3044
               +---------+---------+-------+---------+---------+-------+---------
           D:1 |       3 |      26 |  10.3 |       2 |      10 |  16.7 |   644
           D:2 |      16 |      50 |  24.2 |       3 |      20 |  13.0 |  1145
           D:3 |      23 |     118 |  16.3 |       8 |      30 |  21.1 |  1179
           D:4 |       0 |       2 |   0.0 |       0 |       1 |   0.0 |    76
               +---------+---------+-------+---------+---------+-------+---------
